Map: Thunderbird LE

Players

Jessica - Winner!

  • Race: Protoss Protoss
  • League: Master
  • Spawn Location: 5:00

Mez

  • Race: Protoss Protoss
  • League: Master
  • Spawn Location: 11:00

VOD

Have the link to the VOD?

Description

Time

  • Played on: Sept. 3, 2019, 12:36 p.m.
  • Length: 9:03
Show
View Real Time Build Order
Export as new Build Order

Jessica Protoss - Winner!

Build Orders:  

Get SALT Encoding   

  12  0:01  Probe  
  13  0:13  Probe  
  14  0:17  Pylon  
  14  0:24  Probe  
  15  0:32  Probe  
  15  0:37  Gateway  
  15  0:41  Probe  
  16  0:47  Assimilator  
  17  0:52  Probe  
  17  0:55  Assimilator  
  18  1:04  Probe  
  18  1:10  Gateway  
  19  1:16  Probe  
  20  1:26  Cybernetics Core  
  20  1:28  Probe  
  21  1:35  Pylon  
  21  1:40  Probe  
  22  1:52  Probe  
  23  1:55  Warp Gate  
  23  2:04  Adept x2  
  23  2:07  Probe  
  28  2:24  Pylon  
  28  2:29  Nexus  
  28  2:38  Adept  
  28  2:42  Adept  
  32  2:56  Shield Battery  
  32  3:05  Probe  
  33  3:08  Sentry  
  37  3:13  Sentry  
  37  3:17  Probe  
  36  3:29  Probe  
  35  3:34  Forge  
  35  3:35  Pylon  
  35  3:42  Probe  
  35  3:44  Protoss Ground Weapons Level 1  
  35  3:46  Probe  
  37  3:50  Probe  
  38  3:58  Probe  
  38  4:00  Probe  
  40  4:09  Probe  
  38  4:10  Probe  
  38  4:15  Pylon  
  38  4:17  Probe  
  38  4:19  Robotics Facility  
  38  4:21  Gateway  
  38  4:22  Probe  
  38  4:24  Gateway  
  40  4:27  Probe  
  41  4:33  Stalker  
  41  4:34  Probe  
  41  4:35  Phoenix, Stalker  
  46  4:40  Photon Cannon  
  46  4:41  Probe  
  47  4:49  Twilight Council  
  47  4:52  Probe  
  48  4:53  Probe  
  48  4:54  Assimilator  
  48  4:57  Stalker  
  51  5:04  Stalker  
  53  5:09  Probe  
  53  5:11  Probe  
  55  5:16  Stalker  
  55  5:19  Immortal  
  57  5:25  Assimilator, Protoss Ground Weapons Level 2  
  57  5:29  Gateway  
  57  5:30  Gateway  
  61  5:36  Probe x2  
  63  5:58  Immortal  
  63  6:02  Gateway x2, Phoenix  
  67  6:04  Gateway  
  67  6:09  Adept  
  69  6:13  Pylon  
  69  6:20  Pylon  
  69  6:24  Photon Cannon  
  69  6:28  Immortal  
  69  6:36  Dark Shrine  
  69  6:38  Adept  
  69  6:39  Sentry  
  77  6:55  Nexus  
  77  6:57  Pylon  
  77  7:07  Immortal  
  81  7:11  Stalker  
  81  7:12  Stalker  
  85  7:16  Pylon  
  85  7:22  Stalker  
  87  7:23  Stalker  
  87  7:28  Stalker  
  91  7:32  Stalker  
  93  7:39  Pylon, Stalker  
  95  7:47  Observer, Stalker  
  95  7:51  Dark Templar  
  100  7:52  Dark Templar  
  102  7:58  Adept  
  104  8:09  Photon Cannon  
  104  8:21  Photon Cannon  
  104  8:23  Probe  
  104  8:24  Templar Archives, Probe  
  104  8:25  Probe  
  105  8:36  Probe x2  
  105  8:37  Probe  
  106  8:48  Probe x2  
  102  8:49  Probe  
Show
View Real Time Build Order
Export as new Build Order

Mez Protoss 

Build Orders: 1 Gate Expand, Archon Immortal 

Get SALT Encoding   

  12  0:00  Probe  
  13  0:13  Probe  
  14  0:17  Pylon  
  14  0:25  Probe  
  15  0:35  Probe  
  15  0:38  Gateway  
  16  0:43  Probe  
  16  0:47  Assimilator  
  17  0:51  Probe  
  18  1:03  Probe  
  19  1:15  Probe  
  20  1:28  Cybernetics Core  
  20  1:33  Probe  
  21  1:40  Nexus  
  21  1:44  Pylon  
  21  1:53  Assimilator  
  21  1:59  Stalker  
  21  2:07  Shield Battery  
  23  2:17  Shield Battery  
  23  2:19  Warp Gate  
  23  2:20  Probe  
  24  2:24  Stalker  
  26  2:42  Gateway  
  25  2:50  Gateway  
  25  2:53  Probe  
  25  2:54  Probe  
  27  3:02  Probe  
  28  3:05  Probe  
  29  3:15  Stalker  
  26  3:32  Probe x2  
  25  3:40  Probe  
  27  3:45  Stalker  
  28  3:58  Stalker  
  27  4:10  Probe x2  
  29  4:28  Robotics Facility  
  29  4:36  Probe x2  
  31  4:48  Probe x2  
  31  4:51  Stalker x2  
  37  5:00  Probe  
  37  5:01  Probe  
  39  5:11  Immortal  
  37  5:14  Probe x2  
  43  5:23  Probe  
  43  5:26  Probe  
  45  5:32  Probe, Assimilator  
  45  5:35  Assimilator  
  46  5:43  Pylon  
  46  5:45  Pylon  
  46  5:52  Immortal  
  46  5:58  Twilight Council  
  46  6:01  Probe  
  51  6:07  Probe  
  52  6:13  Probe  
  52  6:16  Probe  
  53  6:24  Probe  
  53  6:25  Probe  
  55  6:31  Immortal  
  60  6:33  Probe  
  60  6:37  Probe  
  60  6:38  Pylon  
  62  6:45  Templar Archives  
  62  6:56  Probe x2  
  62  6:58  Pylon  
  64  7:08  Probe x2  
  64  7:13  Gateway  
  64  7:15  Gateway  
  66  7:19  Immortal, Gateway  
  66  7:20  Probe  
  71  7:33  Probe  
  73  7:42  High Templar x2  
  73  7:43  High Templar  
  78  7:48  Archon  
  78  7:58  Gateway  
  78  8:00  Gateway  
  78  8:03  Pylon  
  78  8:05  Pylon  
  78  8:06  Pylon  
  78  8:21  Immortal  
  82  8:28  High Templar x4  
  82  8:33  Archon x2  
  80  8:51  Zealot  
  80  8:52  Zealot x2  
  68  8:58  Zealot  
Tags
 
Composition
Archon Immortal
Matchup
PvP
Replay Pack
Spawningtool_Mez
Spawn Locations
Cross Positions
Add a new tag
Caveats
  • Supply blocks, unpowered buildings, or Contaminate may cause inaccurate times.
  • Supply counts are checked every 10 seconds.